 Dungeon Crawl Stone Soup version 0.17.1-1-g73c8601 (webtiles) character file.

147 reganant000 the Chopper (level 5, -4/45 HPs)
             Began as a Minotaur Gladiator on Mar 20, 2016.
             Killed by divine providence
             ... invoked by an orc priest
              (11 damage)
             ... on level 3 of the Dungeon.
             The game lasted 00:07:54 (1922 turns).

reganant000 the Chopper (Minotaur Gladiator)        Turns: 1922, Time: 00:07:54

Health: -4/45      AC:  5    Str: 21    XL:     5   Next: 7%
Magic:  4/4        EV: 12    Int:  5    God:
Gold:   141        SH:  0    Dex: 10    Spells: 0 memorised, 4 levels left

rFire  + . .     SeeInvis .     a - +0 war axe
rCold  . . .     Clarity  .     b - +0 leather armour
rNeg   . . .     SustAt   +     (no shield)
rPois  .         Gourm    .     j - +1 hat
rElec  .         Spirit   .     (no cloak)
rCorr  .         Warding  .     w - +0 pair of gloves
rMut   .         Stasis   .     (no boots)
MR     .....                    (no amulet)
Stlth  +.........               y - ring of protection from fire
                                o - ring of sustain attributes

@: not resistant to hostile enchantments, very unstealthy
A: retaliatory headbutt, horns 2
a: no special abilities


You were on level 3 of the Dungeon.
You were not hungry.

You visited 1 branch of the dungeon, and saw 3 of its levels.

You collected 141 gold pieces.

Inventory:

Hand Weapons
 a - a +0 war axe (weapon)
Missiles
 d - 3 throwing nets (quivered)
Armour
 b - a +0 leather armour (worn)
 j - a +1 hat (worn)
 w - a +0 pair of gloves (worn)
Jewellery
 o - a ring of sustain attributes (left hand)
 y - a ring of protection from fire (right hand)
Scrolls
 c - 2 scrolls of remove curse {unknown}
 f - 2 scrolls of fog {unknown}
 h - a scroll of magic mapping {unknown}
 q - a scroll of blinking {unknown}
 r - a scroll of random uselessness {unknown}
 t - 3 scrolls of teleportation {unknown}
 u - a scroll of identify {unknown}
 v - a scroll of enchant weapon {unknown}
Potions
 g - a potion of magic {unknown}
 i - a potion of beneficial mutation {unknown}
 k - a potion of invisibility {unknown}
 l - a potion of flight {unknown}
 m - a potion of haste {unknown}
 n - a potion of agility {unknown}
 p - 2 potions of lignification {unknown}
 s - 2 potions of curing {unknown}
 x - 2 potions of heal wounds {unknown}
 z - a potion of might {unknown}


   Skills:
 * Level 3.5 Fighting
 * Level 5.4 Axes
 - Level 2.0 Throwing
 * Level 2.6 Armour
 - Level 3.5 Dodging


You had 4 spell levels left.
You didn't know any spells.

Dungeon Overview and Level Annotations

Branches:
Dungeon (3/15)

Altars:
Nemelex Xobeh
The Shining One


Innate Abilities, Weirdness & Mutations

You reflexively headbutt those who attack you in melee.
You have a pair of horns on your head.


Message History

The orc shouts!
The orc priest invokes the aid of Beogh against you.
Pain shoots through your body!
An orc and an orc wizard come into view.
The orc priest misses you. The orc closely misses you.
The orc barely misses you.
You hit the orc. You headbutt the orc.
You kill the orc!
You hit the orc.
The orc is moderately wounded.
You closely miss the orc priest.
The orc priest calls down the wrath of Beogh upon you.
Something smites you!
The orc hits you with a trident of freezing.
* * * LOW HITPOINT WARNING * * *
The orc freezes you.
* * * LOW HITPOINT WARNING * * *
The orc priest calls down the wrath of Beogh upon you.
Something smites you!
You die...

########......#.#
..........#†###.#
########..#.....#
#..####### #..#
#..##########
#..))........
##.####......
#######@# .....
#.....o.# ####
#.....o†..#
#.........#
...o......#
...o......#
..o.......#
..........+
.......####


You could see an orc priest, an orc wizard and 3 orcs.

Vanquished Creatures
  Ijyb (D:3)
  Natasha (thrice) (D:2)
  Robin (D:2)
  2 adders
  An ooze (D:2)
  3 orcs (D:3)
  5 bats
  11 goblins
  6 hobgoblins
  A quokka (D:3)
  2 giant geckos
  3 giant newts
  5 kobolds
  6 rats
50 creatures vanquished.

Notes
Turn   | Place    | Note
--------------------------------------------------------------
     0 | D:1      | reganant000 the Minotaur Gladiator began the quest for the Orb.
     0 | D:1      | Reached XP level 1. HP: 18/18 MP: 0/0
   390 | D:1      | Reached XP level 2. HP: 25/25 MP: 1/1
   616 | D:2      | Reached skill level 4 in Axes
   633 | D:2      | Noticed Natasha
   639 | D:2      | Killed Natasha
   639 | D:2      | Reached skill level 1 in Armour
   639 | D:2      | Reached XP level 3. HP: 14/30 MP: 2/2
   667 | D:2      | Noticed Robin
   675 | D:2      | Killed Robin
   697 | D:2      | Noticed Natasha
   736 | D:2      | Killed Natasha
   736 | D:2      | Reached skill level 5 in Axes
   797 | D:2      | Reached XP level 4. HP: 9/38 MP: 3/3
   998 | D:2      | Noticed Natasha
  1004 | D:2      | Killed Natasha
  1332 | D:2      | Found a sparkling altar of Nemelex Xobeh.
  1541 | D:2      | Found a glowing golden altar of the Shining One.
  1884 | D:3      | Noticed Ijyb
  1889 | D:3      | Killed Ijyb
  1889 | D:3      | Reached XP level 5. HP: 45/45 MP: 4/4
  1922 | D:3      | Killed from afar by an orc priest

Action                   |  1- 3 |  4- 6 || total
-------------------------+-------+-------++-------
Melee: War axe           |    36 |    50 ||    86
  Eat: Bread ration      |       |     1 ||     1
